 Dungeon Crawl Stone Soup version 0.29.1-1-gd02db6906a (webtiles) character file.

Game seed: 9907021640897830264

26 hawla the Firebug (level 3, -1/26 HPs)
             Began as a Meteoran Fire Elementalist on Oct 10, 2022.
             Slain by an adder (4 damage)
             ... on level 2 of the Dungeon.
             The game lasted 00:01:29 (645 turns).

hawla the Firebug (Meteoran Fire Elementalist)       Turns: 645, Time: 00:01:30

Health: -1/26      AC:  3    Str: 10    XL:     3   Next: 41%
Magic:  9/9        EV: 12    Int: 18    God:
Gold:   10         SH:  0    Dex: 14    Spells: 6/9 levels left

rFire   . . .      SeeInvis .   (no weapon)
rCold   . . .      Faith    .   (no shield)
rNeg    . . .      Spirit   .   a - +1 robe
rPois   .          Reflect  .   (no helmet)
rElec   .          Harm     .   (no cloak)
rCorr   .          Rampage  .   (no gloves)
Will    .....                   (no boots)
Stlth   +.........              (no amulet)
HPRegen 0.08/turn               (no ring)
MPRegen 0.11/turn               (no ring)

@: glowing
A: sense surroundings 1, otherworldly, glowing, explore regen
a: no special abilities


You were on level 2 of the Dungeon.
You visited 1 branch of the dungeon, and saw 2 of its levels.

You collected 10 gold pieces.

Inventory:

Armour
 a - a +1 robe (worn)
Potions
 d - a potion of heal wounds {unknown}
 f - a potion of flight {unknown}
 g - a potion of berserk rage {unknown}


   Skills:
 + Level 2.4 Dodging
 - Level 1.4 Stealth
 + Level 3.7 Spellcasting
 + Level 1.3 Conjurations
 + Level 4.2 Fire Magic


You had 6 spell levels left.
You knew the following spells:

 Your Spells              Type           Power      Damage    Failure   Level
a - Foxfire               Conj/Fire      52%        2x1d6     4%          1
b - Scorch                Fire           36%        2d7       4%          2

Your spell library contained the following spells:

 Spells                   Type           Power      Damage    Failure   Level
 Conjure Flame            Conj/Fire      13%        6-21      14%         3
 Inner Flame              Hex/Fire       10%        N/A       19%         3
 Flame Wave               Conj/Fire      13%        2d6       43%         4


Dungeon Overview and Level Annotations

Branches:
Dungeon (2/15) Zot: 554

Altars:


Innate Abilities, Weirdness & Mutations

You passively map a small area around you.
You are easily found by Zot.
You glow in the dark.
You regain HP and MP as you explore.


Message History

You conjure some foxfire!
You feel sick.
The worm is no longer more vulnerable to fire.
The adder bites you.
Casting: Foxfire (safe; 4% risk of failure)
Confirm with . or Enter, or press ? or * to list all spells.
You don't have enough magic to cast this spell.
You miss the adder.
You feel sick.
The foxfire hits the adder.
The adder is heavily wounded.
The adder bites you but does no damage. x2
Casting: Foxfire (safe; 4% risk of failure)
Confirm with . or Enter, or press ? or * to list all spells.
You don't have enough magic to cast this spell.
Unknown command.
As you read the scroll labelled VALLIF YSMEROH, it crumbles to dust.
You hear a loud clanging noise!
It was a scroll of noise.
You feel sick.
You are no longer poisoned.
You hear a bark!
You hear an angry hiss. x2; You hear a bark!
You hear a shout!
You hear an angry hiss.
The adder bites you but does no damage.
As you read the scroll labelled JUFALY VITUWK, it crumbles to dust.
It is a scroll of enchant armour.
Your +0 robe glows green for a moment.
The adder barely misses you. The worm completely misses you.
As you read the scroll labelled ZOWKAE BYICKOA, it crumbles to dust.
Your body is wracked with pain!
* * * LOW HITPOINT WARNING * * *
The adder convulses!
The worm convulses!
It was a scroll of torment.
The adder bites you but does no damage.
Unknown command.
Casting: Foxfire (safe; 4% risk of failure)
Confirm with . or Enter, or press ? or * to list all spells.
Flames lash the worm.
The worm is almost dead.
The worm's fire resistance burns away.
The adder barely misses you. The worm bites you.
* * * LOW HITPOINT WARNING * * *
The adder barely misses you. Magic courses through your body.
The adder bites you.
You die...

, ..., , #.#######
* #.., ,* * #.# ,,
,..... #.# ,
...#.#### #.# ,,,
.....r..#### #.# *
#.......# #.# ,,
*#r##.#* #.#######
* *
#w#.#.####........
#@S###.....>.#####
, ###.#.######.#
##.## #.# *#.# #.#
..# #.# ~ .### #.#
, ~ #.* *#.# ~ # *
, ..# * , *


You could see a worm (combustible), an adder and a rat.

Vanquished Creatures
  An adder (D:2)
  A dart slug (D:1)
  A ball python (D:1)
  A bat (D:1)
  3 endoplasms
  2 giant cockroaches
  A goblin (D:1)
  A hobgoblin (D:1)
  A frilled lizard (D:1)
  A kobold (D:1)
  A rat (D:1)
14 creatures vanquished.

Vanquished Creatures (others)
  34 foxfires
34 creatures vanquished.

Grand Total: 48 creatures vanquished

Notes
Turn   | Place    | Note
-------+----------+-------------------------------------------
     0 | D:1      | hawla the Meteoran Fire Elementalist began the quest for
                  | the Orb.
     0 | D:1      | Reached XP level 1. HP: 14/14 MP: 5/5
   161 | D:1      | Reached XP level 2. HP: 10/20 MP: 2/6
   173 | D:1      | Reached skill level 4 in Fire Magic
   500 | D:1      | Glimpsed the power of Zot.
   529 | D:2      | Learned a level 2 spell: Scorch
   608 | D:2      | Reached XP level 3. HP: 26/26 MP: 3/8
   645 | D:2      | Slain by an adder

Illustrated notes

Levels and vault maps discovered:
D:1:      wheals_arrival_shading, layout_loops_ring, minmay_pentomino_x2
D:2:      cheibrodos_helix_gallery, layout_loops_ring, minmay_lizard_king,
          uniq_sigmund

Skill      XL: |  1  2 |
---------------+-------+-----
Spellcasting   | 3 |  3.7
Fire Magic     | 4 |  4.2
Dodging        | |  2.4
Stealth        | |  1.4
Conjurations   | |  1.3

Action                   || total
-------------------------++-------
Melee: Unarmed           ||     3
 Cast: Foxfire           ||    22
       Scorch            ||     5
  Use: Scroll            ||     3
       Potion            ||     1
Armor: Robe              ||     6
Dodge: Dodged            ||    14
